 Dungeon Crawl Stone Soup version 0.30-a0-879-ga8ba668304 (webtiles) character file.

Game seed: 7205923646122284113

546733 holysushi the Cryomancer (level 26, -6/189 HPs)
             Began as an Octopode Ice Elementalist on Mar 12, 2023.
             Was an Initiate of Gozag.
             Killed from afar by a crystal guardian (79 damage)
             ... with a crystal bolt
             ... on level 14 of a ziggurat.
             The game lasted 02:46:00 (98327 turns).

holysushi the Cryomancer (OpIE)                    Turns: 98327, Time: 02:46:01

Health: -6/189     AC:  8    Str: 10    XL:     26   Next: 17%
Magic:  2/63       EV: 49    Int: 51    God:    Gozag
Gold:   3010       SH: 13    Dex: 37    Spells: 33/60 levels left

rFire   + + .      SeeInvis +    a - +9 rapier (speed)
rCold   x x .      Faith    +    R - +3 buckler "Ronox" {rF+ Int+3 Stlth-}
rNeg    + + +      Spirit   .    O - +3 hat of Pondering {ponderous, Will+ MP+10 Int+5}
rPois   .          Reflect  .    e - amulet of Yesterday {Faith rElec rC- Dex+9}
rElec   +          Rampage  .    W - +6 ring of dexterity
rCorr   .                        Z - ring "Bowuch" {Ice Str+2 Int+3}
Will    +++++                    B - ring "Capabbom" {rF+ AC+4 Slay+3}
Stlth   ++++++++                 A - ring "Zeesow" {rN+ EV+5 Int+2 Stlth+}
HPRegen 0.00/turn                L - ring of Ahemaj {rN+ MP+9 Int+7 Dex-4 SInv}
MPRegen 0.38/turn                r - +6 ring of dexterity
                                 H - ring "Kelipp" {rF+ rN+ Will+++ Int+4 Stlth-}
                                 C - +6 ring of dexterity

@: gold aura, sick, studying 3 skills, unable to read, slow
A: almost no armour, amphibious, 8 rings, camouflage 1, gelatinous body 1,
(nimble swimmer 1), tentacles, [cold vulnerability 2], [subdued magic 2],
[inability to read after injury 2]
}: 3/15 runes: barnacled, silver, gossamer
a: Renounce Religion, Potion Petition, Call Merchant, Bribe Branch


You were on level 14 of a ziggurat.
You worshipped Gozag.
Gozag was most pleased with you.
You visited 11 branches of the dungeon, and saw 46 of its levels.
You visited 1 ziggurat, and saw 14 of its levels.
You also visited: Trove, Ossuary and Gauntlet.

You collected 25576 gold pieces.
You spent 11184 gold pieces at shops.
You paid 11382 gold pieces to Gozag.

Inventory:

Hand Weapons
 a - a +9 rapier of speed (weapon)
 l - the +9 staff of Olgreb {rPois∞}
   (You found it on level 11 of the Dungeon)

   It enhances your poison magic.
   It grants immunity to poison.
   It can be activated via the 'a'bility menu to radiate toxic energy, with
   effectiveness depending on Evocations skill.
 F - a +9 quick blade of chaos
Armour
 O - the +3 hat of Pondering (worn) {ponderous, Will+ MP+10 Int+5}
   (You took it off Gastronok on level 1 of the Lair of Beasts)

   Int:       It affects your intelligence (+5).
   MP:        It affects your magic capacity (+10).
   Will:      It increases your willpower.
 R - the +3 buckler "Ronox" (worn) {rF+ Int+3 Stlth-}
   (You acquired it on level 3 of the Spider Nest)

   Int:       It affects your intelligence (+3).
   rF:        It protects you from fire.
   Stlth:     It makes you less stealthy.
Magical Staves
 b - a staff of cold
Jewellery
 e - the amulet of Yesterday (around mantle) {Faith rElec rC- Dex+9}
   (You bought it in a shop on level 2 of the Orcish Mines)

   [amulet of faith]

   It allows you to gain divine favour quickly.
   Dex:       It affects your dexterity (+9).
   rC:        It makes you vulnerable to cold.
   rElec:     It insulates you from electricity.
 j - the ring "Ucoidob" {Ice rPois Will+++ Int-2 Dex-3}
   (You found it on level 4 of the Spider Nest)

   [ring of ice]

   It enhances your ice magic.
   Int:       It affects your intelligence (-2).
   Dex:       It affects your dexterity (-3).
   rF:        It makes you vulnerable to fire.
   rC:        It protects you from cold.
   rPois:     It protects you from poison.
   Will:      It greatly increases your willpower.
 r - a +6 ring of dexterity (on tentacle)
 y - the ring of Jefep {rF+ rN+ Int+2 SInv}
   (You bought it in a shop on level 4 of the Vaults)

   [ring of protection from fire]

   Int:       It affects your intelligence (+2).
   rF:        It protects you from fire.
   rN:        It protects you from negative energy.
   SInv:      It lets you see invisible.
 A - the ring "Zeesow" (on tentacle) {rN+ EV+5 Int+2 Stlth+}
   (You bought it in a shop on level 3 of the Elven Halls)

   [ring of evasion]

   EV:        It affects your evasion (+5).
   Int:       It affects your intelligence (+2).
   rN:        It protects you from negative energy.
   Stlth:     It makes you more stealthy.
 B - the ring "Capabbom" (on tentacle) {rF+ AC+4 Slay+3}
   (You found it on level 12 of a ziggurat)

   [ring of protection]

   AC:        It affects your AC (+4).
   Slay:      It affects your accuracy & damage with ranged weapons and melee
   (+3).
   rF:        It protects you from fire.
 C - a +6 ring of dexterity (on tentacle)
 H - the ring "Kelipp" (on tentacle) {rF+ rN+ Will+++ Int+4 Stlth-}
   (You bought it in a shop on level 2 of the Orcish Mines)

   [ring of positive energy]

   Int:       It affects your intelligence (+4).
   rF:        It protects you from fire.
   rN:        It protects you from negative energy.
   Will:      It greatly increases your willpower.
   Stlth:     It makes you less stealthy.
 L - the ring of Ahemaj (on tentacle) {rN+ MP+9 Int+7 Dex-4 SInv}
   (You acquired it on level 4 of a ziggurat)

   [ring of positive energy]

   Int:       It affects your intelligence (+7).
   Dex:       It affects your dexterity (-4).
   rN:        It protects you from negative energy.
   MP:        It affects your magic capacity (+9).
   SInv:      It lets you see invisible.
 W - a +6 ring of dexterity (left tentacle)
 X - the ring "Hoaroupi" {*Slow rPois rC+ Int+9 Dex-5}
   (You found it on level 7 of a ziggurat)

   [ring of protection from cold]

   Int:       It affects your intelligence (+9).
   Dex:       It affects your dexterity (-5).
   rC:        It protects you from cold.
   rPois:     It protects you from poison.
   *Slow:     It may slow you when you take damage.
 Z - the ring "Bowuch" (right tentacle) {Ice Str+2 Int+3}
   (You took it off a minotaur in a Gauntlet)

   [ring of ice]

   It enhances your ice magic.
   Str:       It affects your strength (+2).
   Int:       It affects your intelligence (+3).
   rF:        It makes you vulnerable to fire.
   rC:        It protects you from cold.
Wands
 w - a wand of mindburst (15)
 z - a wand of digging (15)
 E - a wand of iceblast (29)
 Q - a wand of light (10)
Scrolls
 d - 20 scrolls of blinking
 g - 27 scrolls of teleportation
 k - 8 scrolls of fog
 o - 5 scrolls of enchant armour
 p - 7 scrolls of immolation
 q - 5 scrolls of summoning
 t - 31 scrolls of identify
 x - 4 scrolls of amnesia
 G - 3 scrolls of enchant weapon
 I - 2 scrolls of silence
 J - 5 scrolls of torment
 K - 11 scrolls of fear
 M - 9 scrolls of magic mapping
 N - 13 scrolls of vulnerability
Potions
 c - 7 potions of flight
 f - 12 potions of brilliance
 h - 11 potions of curing
 i - 4 potions of might
 m - 6 potions of haste
 n - 3 potions of resistance
 s - 3 potions of magic
 D - 9 potions of mutation
 P - 4 potions of cancellation
 S - 27 potions of heal wounds
 T - 7 potions of ambrosia
 U - 3 potions of berserk rage {unknown}
 Y - 6 potions of invisibility
Miscellaneous
 u - a phantom mirror (inert)
 v - the horn of Geryon
 V - a condenser vane


   Skills:
 - Level 18.0 Fighting
 - Level 13.0 Short Blades
 - Level 22.0 Dodging
 - Level 16.0 Stealth
 - Level 10.0 Shields
 - Level 17.8 Spellcasting
 - Level 4.0 Summonings
 - Level 23.7 Ice Magic
 + Level 10.8 Earth Magic
 - Level 10.0 Evocations


You had 33 spell levels left.
You knew the following spells:

 Your Spells              Type           Power      Damage    Failure   Level
a - Hailstorm             Conj/Ice       100%       3d20      0%          3
b - Lee's Rapid Deconstr  Erth           39%        3d19*     1%          5
c - Ozocubu's Refrigerat  Ice            66%        4d22      0%          7
d - Summon Ice Beast      Ice/Summ       100%       N/A       0%          4
e - Ensorcelled Hibernat  Hex/Ice        100%       N/A       0%          2
f - Ozocubu's Armour      Ice            100%       N/A       0%          3
g - Frozen Ramparts       Ice            100%       1d16      0%          3

Your spell library contained the following spells:

 Spells                   Type           Power      Damage    Failure   Level
 Freeze                   Ice            100%       1d10      0%          1
 Sandblast                Erth           100%       2d20      0%          1
 Passwall                 Tmut/Erth      48%        N/A       0%          2
 Ice Form                 Ice/Tmut       100%       N/A       0%          4
 Beastly Appendage        Tmut           56%        N/A       1%          1
 Foxfire                  Conj/Fire      100%       2x1d9     1%          1
 Kiss of Death            Conj/Necr      100%       2d13      1%          1
 Necrotise                Necr           100%       1d9       1%          1
 Slow                     Hex            100%       N/A       1%          1
 Cigotuvi's Dreadful Rot  Necr/Pois/Air  56%        N/A       1%          2
 Lesser Beckoning         Tloc           56%        N/A       1%          2
 Scorch                   Fire           56%        2d7       1%          2
 Static Discharge         Conj/Air       56%        2-5/arc   1%          2
 Wereblood                Tmut           28%        N/A       1%          2
 Call Canine Familiar     Summ           52%        N/A       1%          3
 Confusing Touch          Hex            28%        N/A       1%          3
 Dazzling Flash           Conj/Hex       56%        N/A       1%          3
 Gell's Gravitas          Tloc           28%        N/A       1%          3
 Ignite Poison            Fire/Tmut/Pois 28%        N/A       1%          3
 Inner Flame              Hex/Fire       28%        N/A       1%          3
 Kindle Blastsparks       Fire/Tloc/Air  56%        2d14      1%          3
 Spider Form              Tmut/Pois      28%        N/A       1%          3
 Stone Arrow              Conj/Erth      100%       3d13      1%          3
 Summon Guardian Golem    Hex/Summ       41%        N/A       1%          3
 Swiftness                Air            28%        N/A       1%          3
 Teleport Other           Tloc           28%        N/A       1%          3
 Vampiric Draining        Necr           28%        2d8       1%          3
 Vhi's Electric Charge    Tloc/Air       56%        N/A       1%          3
 Leda's Liquefaction      Hex/Erth       29%        N/A       1%          4
 Petrify                  Tmut/Erth      58%        N/A       1%          4
 Summon Lightning Spire   Summ/Air       41%        N/A       1%          4
 Borgnjor's Vile Clutch   Necr/Erth      29%        N/A       1%          5
 Freezing Cloud           Conj/Ice/Air   43%        6-21      1%          5
 Metabolic Englaciation   Hex/Ice        51%        N/A       1%          5
 Airstrike                Air            14%        2d(2-18)  2%          4
 Anguish                  Hex/Necr       14%        N/A       2%          4
 Cause Fear               Hex            14%        N/A       2%          4
 Dispel Undead            Necr           28%        3d13      2%          4
 Flame Wave               Conj/Fire      28%        2d9       2%          4
 Iskenderun's Mystic Bla  Conj/Tloc      28%        2d7       2%          4
 Olgreb's Toxic Radiance  Pois           28%        N/A       2%          4
 Summon Mana Viper        Hex/Summ       41%        N/A       3%          5
 Statue Form              Tmut/Erth      38%        N/A       4%          6
 Agony                    Necr           28%        N/A       8%          5
 Arcjolt                  Conj/Air       14%        1d24      8%          5
 Blade Hands              Tmut           14%        N/A       8%          5
 Irradiate                Conj/Tmut      14%        3d16      8%          5
 Iskenderun's Battlesphe  Conj           28%        2d8       8%          5
 Lightning Bolt           Conj/Air       14%        1d27      8%          5
 Silence                  Hex/Air        14%        N/A       8%          5
 Summon Cactus Giant      Summ           26%        N/A       9%          6
 Conjure Ball Lightning   Conj/Air       14%        3x3d6     47%         6
 Death Channel            Necr           14%        N/A       47%         6
 Dispersal                Tloc           14%        N/A       47%         6
 Monstrous Menagerie      Summ           26%        N/A       50%         7
 Haunt                    Necr/Summ      20%        N/A       80%         7
 Lehudib's Crystal Spear  Conj/Erth      29%        10d8      95%         8
 Dragon Form              Tmut           14%        N/A       97%         7
 Enfeeble                 Hex            14%        N/A       97%         7
 Storm Form               Tmut/Air       14%        N/A       97%         7
 Shatter                  Erth           39%        3d31*     99%         9
 Borgnjor's Revivificati  Necr           14%        N/A       100%        8
 Discord                  Hex            14%        N/A       100%        8
 Ignition                 Fire           14%        3d6       100%        8
 Infestation              Necr           14%        N/A       100%        8
 Maxwell's Capacitive Co  Air            14%        ∞         100%        8
 Necromutation            Tmut/Necr      14%        N/A       100%        8
 Chain Lightning          Conj/Air       14%        3d18      100%        9
 Death's Door             Necr           14%        N/A       100%        9
 Dragon's Call            Summ           26%        N/A       100%        9
 Fire Storm               Conj/Fire      14%        8d4       100%        9
 Animate Armour           Summ/Erth      Unusable   N/A       N/A         4
 Simulacrum               Ice/Necr       Unusable   N/A       N/A         6
 Animate Dead             Necr           Unusable   N/A       N/A         4

Dungeon Overview and Level Annotations

Branches:
Dungeon (15/15) Zot: 23719  Temple (1/1) D:5 Zot: 5826    Lair (5/5) D:11 Zot: 19743
 Shoals (4/4) Lair:2 Zot: 16624  Spider (4/4) Lair:3 Zot: 14327   Slime (2/5) Lair:5 Zot: 11310
    Orc (2/2) D:10 Zot: 7361     Elf (3/3) Orc:2 Zot: 7928  Vaults (5/5) D:14 Zot: 11985
  Crypt (0/3) Vaults:3     Depths (4/4) D:15 Zot: 16892    Hell (visited)
    Dis (0/7) Hell            Geh (0/7) Hell            Coc (0/7) Hell
    Tar (0/7) Hell            Zot (0/5) Depths:4    Ossuary (visited)
Gauntlet (visited)

Altars:
Ashenzari
Cheibriados
Dithmenos
Elyvilon
Fedhas
Gozag
Hepliaklqana
Kikubaaqudgha
Makhleb
Nemelex Xobeh
Okawaru
Qazlal
Ru
Sif Muna
Trog
Uskayaw
Vehumet
Wu Jian
Xom
Yredelemnul
Zin
The Shining One
Jiyva

Shops:
D:5 ?   D:6 *   D:9 :*   D:10 !   D:11 =   D:14 ?   D:15 (*(   Orc:2 !=?*[[
Elf:3 (=   Shoals:1 !   Shoals:2 :   Shoals:3 **   Vaults:1 (?   Vaults:4 (=
Vaults:5 !   Depths:1 ([??*:

Portals:
Hell: Depths:1 Depths:2 Depths:3
Abyss: Depths:3
Pandemonium: Depths:2

Annotations:
D:11 1 runed translucent door
D:15 3 runed translucent doors, diodin's ghost, journeyman MiFi
Lair:2 exclusion: downstairs
Slime:2 Dissolution
Depths:1 3 runed translucent doors, Camaan's ghost, adept DgCj
Depths:4 Parghit


Innate Abilities, Weirdness & Mutations

You cannot wear most types of armour.
You are amphibious.
You can wear up to eight rings at the same time.
Your skin changes colour to match your surroundings (Stealth+).
Your rubbery body absorbs attacks. (AC +1, EV +1)
((You are camouflaged when in or above water. (Stealth+)))
You have tentacles for arms and can constrict up to eight enemies at once.
[You are very vulnerable to cold. (rC--)]
[Your spells are easier to cast, but less powerful.]
[You sometimes lose the ability to read scrolls when taking damage.]


Message History

You skewer the wretched star like a kebab!!!
You destroy the wretched star!
Casting: Ozocubu's Refrigeration (safe; 0% risk of failure)
Confirm with . or Enter, or press ? or * to list all spells.
Okay, then.
Casting: Ozocubu's Refrigeration (safe; 0% risk of failure)
Confirm with . or Enter, or press ? or * to list all spells.
Aiming: Lee's Rapid Deconstruction (safe; 1% risk of failure)
Press: ? - help, Dir - move target, f - crystal guardian Fragment what (e.g. wall or brittle monster)?: a crystal guardian
Okay, then.
You see here 12 gold pieces.
The crystal guardian fires a crystalline bolt at you.
The crystal bolt freezes you!!!
You feel a terrible chill!
You feel threatened and lose the ability to read scrolls!
You see here 22 gold pieces.
Casting: Lee's Rapid Deconstruction (safe; 1% risk of failure)
Confirm with . or Enter, or press ? or * to list all spells.
Aiming: Lee's Rapid Deconstruction (safe; 1% risk of failure)
Press: ? - help, Dir - move target, f - crystal guardian Fragment what (e.g. wall or brittle monster)?: a crystal guardian The crystal guardian shatters!!
The crystal guardian is heavily damaged.
Aiming: Phantom Mirror
Press: ? - help, Dir - move target, f/p - crystal guardian
Aim: a crystal guardian (heavily damaged)
You reflect the crystal guardian with the mirror!
The mirror clouds!
Your crystal guardian hits the crystal guardian but does no damage.
Press: ? - help, v - describe, . - travel, g - get item
Here: a crystal guardian (heavily damaged, ally target) Item here: 12 gold pieces.
The floor.
You hit the crystal guardian.
You squeeze the crystal guardian, but do no damage.
The crystal guardian is heavily damaged.
The crystal guardian fires a crystalline bolt at you.
The crystal bolt freezes you!!!!
You feel a terrible chill!
You die...
Your body crumbles into a pile of gold.

▓▓▓▓.▓▓ ....... ▓▓
....... ▓▓. ...........
..▓▓
▓▓..###$........###..▓▓
▓....#...........#....▓
▓▓..$..................▓
▓...$..@................
▓:!)$.$9................
▓)∩)$$$9..$.............
.|>)$$$$$..$..........∩.
▓?∩|$$$$$..$............
▓...$$..$...............
▓...$$..................
▓▓.....................▓
▓....#...........#....▓


You could see a crystal guardian (ally target) and a friendly crystal guardian
(summoned, drained).

Vanquished Creatures
  A dread lich (Vaults:4)
  3 ancient liches
  Sojobo (Depths:4)
  Xtahua (Vaults:3)
  Saint Roka (Orc:2)
  2 golden dragons
  Nikola (Shoals:1)
  Jory (Vaults:4)
  Geryon (Hell)
  A Tzitzimitl (Zig:4)
  A hellephant (Zig:7)
  6 tentacled monstrosities
  A pandemonium lord (Zig:4)
  Mlioglotl (Shoals:2)
  An Ice Fiend (Depths:2)
  Zenata (Vaults:3)
  3 quicksilver dragons
  4 titans (Vaults:5)
  A lich (Depths:1)
  The ghost of cforsyth the Tortoise, an adept BaFi of Cheibriados (Vaults:1)
  3 deep elf master archers
  3 acid blobs
  Polyphemus (Shoals:3)
  Gastronok (Lair:1)
  2 sphinxes
  An ancient champion (Zig:11)
  3 shadow dragons
  2 storm dragons
  2 tengu reavers (Vaults:5)
  5 tentacled starspawn
  4 krakens
  4 rockslimes
  A draconian monk (Zig:5)
  A daeva (Zig:14)
  Donald (Orc:2)
  A fenstrider witch (Zig:13)
  2 azure jellies
  14 frost giants
  3 narguns
  Ilsuiw (Shoals:2)
  A draconian knight (Depths:4)
  4 fire giants
  8 deep elf sorcerers
  Aizul (Spider:2)
  4 ghost moths
  2 iron dragons
  Louise (Shoals:2)
  16 vault wardens
  2 balrugs
  3 emperor scorpions
  4 deep elf elementalists
  3 quicksilver oozes
  13 stone giants
  A draconian stormcaller (Depths:4)
  A draconian annihilator (Zig:5)
  3 orc warlords
  4 reapers (Hell)
  7 war gargoyles
  12 very ugly things
  8 broodmothers
  25 ironbound preservers
  7 ironbound thunderhulks
  2 grey draconians (Depths:4)
  2 vampire knights
  A black draconian (Zig:5)
  12 deep elf annihilators
  5 spark wasps
  A putrid mouth (Zig:14)
  2 white draconians (Depths:4)
  A green draconian (Zig:5)
  A lorocyproca (Hell)
  2 purple draconians (Depths:4)
  4 deep elf demonologists
  A minotaur (Gauntlet)
  11 dire elephants
  3 yellow draconians
  7 deep elf death magi
  An iron golem (Zig:3)
  7 ettins
  6 merfolk javelineers
  2 crystal guardians (Vaults:3)
  A blizzard demon (Depths:2)
  Josephine (D:15)
  9 merfolk impalers
  9 deep elf high priests
  14 yaktaur captains
  5 entropy weavers
  A kraken zombie (Hell)
  9 great orbs of eyes
  31 vault guards
  5 fire dragons
  4 jorogumos
  2 catoblepae
  8 hydras
  3 rakshasas
  5 ogre magi
  2 merfolk avatars
  5 peacekeepers
  2 alligator snapping turtles
  4 ice dragons
  25 centaur warriors
  3 spriggan air magi
  3 caustic shrike simulacra (Depths:2)
  10 ironbound frosthearts
  12 radroaches
  3 alligators (Zig:13)
  A hell beast (Zig:4)
  2 death knights
  32 dancing weapons
  19 two-headed ogres
  5 boulder beetles
  2 satyrs
  3 tengu warriors
  12 merfolk aquamancers
  4 deep troll shamans
  2 deep troll earth magi
  5 death yaks
  15 hell hogs (Hell)
  5 orc high priests
  4 thrashing horrors
  A spriggan berserker (Zig:13)
  2 soul eaters (Hell)
  23 deep elf knights
  5 sun demons
  10 hell knights
  A vampire mage (Depths:2)
  A crystal echidna (Zig:11)
  2 skeletal warriors
  6 pharaoh ants
  3 iron trolls
  A sixfirhy (Depths:2)
  4 wretched stars
  66 deep trolls
  A shadow wraith (Vaults:5)
  2 goliath frogs (Zig:13)
  A flayed ghost (Depths:1)
  7 skysharks
  4 sun moths
  An anaconda zombie (Hell)
  A death drake (Zig:13)
  A spriggan druid (Zig:13)
  12 sea snakes
  A spatial maelstrom (Zig:14)
  A swamp dragon (shapeshifter) (Vaults:5)
  An orb spider (shapeshifter) (D:15)
  9 orb spiders
  22 deep elf archers
  8 orc knights
  2 glowing orange brains (shapeshifter)
  6 glowing orange brains
  2 orange crystal statues (Depths:2)
  6 swamp dragons (Zig:13)
  8 wizards
  A harpy (shapeshifter) (Zig:12)
  4 necromancers
  18 ironbound convokers
  11 lindwurms
  2 starcursed masses (Zig:14)
  43 deep elf pyromancers
  4 phantasmal warriors
  43 deep elf zephyrmancers
  14 harpies
  An orc sorcerer (Elf:1)
  6 steelbarb worms
  26 wolf spiders
  11 manticores
  A will-o-the-wisp (Zig:13)
  13 fauns
  9 cyclopes
  A shining eye (Slime:1)
  A moth of wrath (Spider:3)
  6 elephants
  34 ugly things
  4 rust devils (Hell)
  4 black mambas
  20 vault sentinels
  9 demonic crawlers
  13 smoke demons
  4 torpor snails
  14 water nymphs
  A black mamba (shapeshifter) (Elf:2)
  10 merfolk sirens
  2 ice statues (Hell)
  8 komodo dragons
  A gargoyle (Gauntlet)
  3 unseen horrors (D:11)
  2 efreet (D:15)
  4 hellions
  6 rime drakes
  2 yaktaurs (shapeshifter)
  8 cane toads
  32 yaktaurs
  A komodo dragon (shapeshifter) (Elf:1)
  A kobold demonologist (D:12)
  3 freezing wraiths
  A sea snake skeleton (Hell)
  A golden dragon simulacrum (Depths:2)
  2 tengu conjurers
  5 ancient zymes
  8 ice devils
  A tyrant leech (Zig:13)
  3 hydra zombies (Hell)
  A red devil (Depths:2)
  42 merfolk
  7 meliai
  A polar bear (shapeshifter) (D:14)
  16 trolls
  4 polar bears (Lair:5)
  A queen bee (Spider:4)
  14 wind drakes
  12 hornets
  4 raiju
  A tarantella (shapeshifter) (Vaults:5)
  3 blink frogs (Lair:5)
  A dream sheep (Lair:5)
  34 tarantellas
  5 snapping turtles
  5 large abominations
  A fire giant simulacrum (Depths:2)
  5 flying skulls (Gauntlet)
  14 air elementals
  An alligator zombie (Hell)
  26 culicivoras
  21 water elementals
  34 jumping spiders
  2 centaur simulacra (D:11)
  6 vampires
  14 spriggans
  9 wraiths
  2 shadows (D:11)
  37 slime creatures
  34 yaks
  8 wyverns
  6 fire elementals
  A golden eye (shapeshifter) (Elf:2)
  A hog (shapeshifter) (Vaults:5)
  7 basilisks
  50 redbacks
  2 neqoxecs (Zig:7)
  2 wargs
  2 steam dragons
  6 vampire mosquitoes
  17 water moccasins
  9 acid dragons
  2 hell hounds (Lair:3)
  A floating eye (Depths:3)
  2 ettin simulacra (Depths:2)
  2 sky beasts
  19 orc warriors
  25 ogres
  2 black bears
  24 wolves
  8 boggarts
  12 centaurs
  A phantom (D:7)
  An elf zombie (Ossuary)
  A nameless horror (D:5)
  4 kobold brigands
  3 gnoll sergeants
  6 bullfrogs
  7 earth elementals
  5 scorpions
  A water moccasin zombie (D:5)
  7 wights
  15 killer bees
  7 electric eels
  6 howler monkeys
  5 hounds
  9 orc priests
  5 jellies (Lair:5)
  A gnoll bouda (D:6)
  An iguana (D:6)
  12 hell rats (Hell)
  15 orc wizards
  A scorpion zombie (D:5)
  A hound zombie (Ossuary)
  4 mummies (Ossuary)
  21 gnolls
  6 adders
  A shadow imp (Gauntlet)
  2 white imps
  An adder zombie (Ossuary)
  A worm (D:2)
  56 orcs
  7 endoplasms
  2 giant cockroaches
  4 gnoll zombies (Ossuary)
  8 goblins
  4 hobgoblins (D:1)
  4 jackals (D:4)
  4 quokkas
  4 ball pythons
  2 bats (D:2)
  6 frilled lizards
  A goblin zombie (Ossuary)
  A jackal zombie (Ossuary)
  15 kobolds
  An orc zombie (Ossuary)
  5 rats
  2 rat zombies (Ossuary)
  A bush (Lair:5)
  21 plants
  2 starspawn tentacles
  4 tentacles
2088 creatures vanquished.

Vanquished Creatures (collateral kills)
  The ghost of Hiliwumm the Slayer, a veteran MiGl of Okawaru (Elf:2)
  A Hell Sentinel (Zig:11)
  An ancient champion (Zig:11)
  2 two-headed ogres
  A skeletal warrior (D:11)
  2 cyclopes (D:11)
  A manticore (D:11)
  A gargoyle (D:11)
  A troll (D:10)
  A wraith (D:11)
  A wyvern (D:11)
  3 yaks (D:10)
  A warg (D:11)
  An acid dragon (D:8)
  2 water moccasins
  5 orc warriors
  3 ice beasts
  A black bear (D:4)
  4 ogres
  A wolf (Lair:3)
  A centaur (D:9)
  A phantom (D:6)
  A wyvern zombie (D:5)
  A gnoll sergeant (D:8)
  A scorpion (D:4)
  2 wights (D:8)
  2 howler monkeys (D:8)
  A centaur zombie (D:5)
  A bullfrog zombie (D:5)
  A gnoll bouda (D:5)
  An orc priest (D:8)
  3 iguanas
  3 orc wizards
  12 gnolls
  An adder (D:6)
  A shadow imp (D:5)
  10 orcs
  2 ball pythons (D:4)
  A hobgoblin (D:4)
  3 kobolds
83 creatures vanquished.

Vanquished Creatures (others)
  A very ugly thing (Depths:2)
  A blizzard demon (Depths:2)
  An iron dragon simulacrum (Zig:10)
  4 foxfires (Zig:13)
  56 fungi
  359 plants
  4 starspawn tentacles
  4 tentacles
430 creatures vanquished.

Grand Total: 2601 creatures vanquished

Notes
Turn   | Place    | Note
-------+----------+-------------------------------------------
     0 | D:1      | holysushi the Octopode Ice Elementalist began the quest for
                  | the Orb.
     0 | D:1      | Reached XP level 1. HP: 11/11 MP: 3/3
   267 | D:1      | Reached XP level 2. HP: 14/18 MP: 3/5
   568 | D:1      | Reached skill level 1 in Fighting
   940 | D:2      | Found a hide-covered altar of Uskayaw.
  1187 | D:2      | Reached XP level 3. HP: 23/23 MP: 4/7
  1595 | D:2      | Learned a level 3 spell: Frozen Ramparts
  1599 | D:2      | Learned a level 3 spell: Ozocubu's Armour
  2391 | D:3      | Reached XP level 4. HP: 25/28 MP: 7/9
  3722 | D:4      | Found a sand-covered staircase.
  3730 | D:4      | Reached XP level 5. HP: 29/33 MP: 4/11
  3751 | Ossuary  | Entered an ossuary
  4111 | Ossuary  | Reached skill level 5 in Spellcasting
  4111 | Ossuary  | Reached XP level 6. HP: 38/38 MP: 7/13
  4499 | D:4      | Learned a level 4 spell: Summon Ice Beast
  4556 | D:4      | Found a shadowy altar of Dithmenos.
  4866 | D:4      | Found a hazy altar of Hepliaklqana.
  4926 | D:4      | Reached skill level 1 in Summonings
  5225 | D:4      | Noticed a black bear
  5232 | D:4      | Reached XP level 7. HP: 43/43 MP: 8/15
  5235 | D:4      | Reached skill level 5 in Ice Magic
  5335 | D:4      | Reached skill level 6 in Ice Magic
  5525 | D:5      | Entered Level 5 of the Dungeon
  5600 | D:5      | Reached XP level 8. HP: 49/51 MP: 4/16
  5691 | D:5      | Found Acveuste's Magic Scroll Boutique.
  5697 | D:5      | Bought a scroll of magic mapping for 90 gold pieces
  5846 | D:5      | Reached skill level 7 in Ice Magic
  5963 | D:5      | Found a radiant altar of Vehumet.
  6000 | D:5      | Reached skill level 8 in Ice Magic
  6227 | D:5      | Found a shimmering altar of Xom.
  6434 | D:5      | Found a basalt altar of Yredelemnul.
  6491 | D:5      | Reached XP level 9. HP: 18/56 MP: 3/17
  6630 | D:5      | Found a staircase to the Ecumenical Temple.
  6683 | Temple   | Entered the Ecumenical Temple
  7164 | D:6      | Reached skill level 5 in Dodging
  7427 | D:6      | Reached skill level 9 in Ice Magic
  7491 | D:6      | Found Pickecsure's General Store.
  7969 | D:7      | Found an iron altar of Okawaru.
  7976 | D:7      | Found a bloodstained altar of Trog.
  7978 | D:7      | Found a stormy altar of Qazlal.
  7991 | D:7      | Found a glowing silver altar of Zin.
  8028 | D:7      | Found an opulent altar of Gozag.
  8034 | D:7      | Became a worshipper of Gozag Ym Sagoz the Greedy
  8506 | D:7      | Reached skill level 10 in Ice Magic
  8628 | D:7      | Learned a level 2 spell: Ensorcelled Hibernation
  8778 | D:7      | Reached skill level 1 in Short Blades
  8855 | D:7      | Found Dithrept's Magic Scroll Shop.
  9896 | D:8      | Reached skill level 5 in Stealth
  9896 | D:8      | Reached XP level 10. HP: 62/63 MP: 11/18
 10253 | D:8      | Identified the +1 robe of Insurance {Int+3}
 10257 | D:8      | Found an ornate altar of the Wu Jian Council.
 10399 | D:8      | Found a shimmering blue altar of Sif Muna.
 10524 | D:8      | Found a hide-covered altar of Uskayaw.
 10869 | D:9      | Found Mutulluc's Book Emporium.
 10877 | D:9      | Bought a book of the Tundra for 416 gold pieces
 10881 | D:9      | Learned a level 3 spell: Hailstorm
 11779 | D:10     | Entered Level 10 of the Dungeon
 11802 | D:10     | Identified the +0 helmet of Zyewn {rC+ Int+3 Stlth+}
 11835 | D:10     | Reached skill level 5 in Short Blades
 12023 | D:10     | Noticed a two-headed ogre
 12041 | D:10     | Killed a two-headed ogre
 12284 | D:10     | Reached skill level 11 in Ice Magic
 12285 | D:10     | Reached XP level 11. HP: 40/67 MP: 0/19
 12694 | D:10     | Found a staircase to the Orcish Mines.
 12787 | D:10     | Reached skill level 12 in Ice Magic
 12945 | D:10     | Noticed a two-headed ogre
 12976 | D:10     | Killed a two-headed ogre
 13544 | D:9      | Bought the Unrestrained Analects for 572 gold pieces
 14039 | D:11     | Found the +9 staff of Olgreb {rPois∞}
 14048 | D:11     | Found a runed translucent door.
 14055 | D:11     | Found a runed translucent gate.
 14055 | D:11     | Found a runed translucent gate.
 14056 | D:11     | Found a runed translucent door.
 14066 | D:11     | Noticed a manticore
 14082 | D:11     | Killed a manticore
 14083 | D:11     | Reached skill level 13 in Ice Magic
 14185 | D:11     | Identified the +1 leather armour of Vuetyff {Rampage rElec
                  | rPois rCorr}
 14189 | D:11     | Found a runed translucent gate.
 14191 | D:11     | Noticed a wolf spider
 14191 | D:11     | Noticed a wolf spider
 14257 | D:11     | Found a staircase to the Lair.
 14576 | D:11     | Noticed a cyclops
 14582 | D:11     | Killed a cyclops
 14649 | D:11     | Noticed a cyclops
 14704 | D:11     | Killed a cyclops
 14819 | D:11     | Noticed a manticore
 14941 | D:11     | Killed a manticore
 14942 | D:11     | Reached skill level 14 in Ice Magic
 15005 | D:11     | Noticed a two-headed ogre
 15009 | D:11     | Noticed a cyclops
 15020 | D:11     | Killed a two-headed ogre
 15190 | D:11     | Reached XP level 12. HP: 50/72 MP: 8/20
 15277 | D:11     | Noticed a two-headed ogre
 15400 | D:11     | Noticed a boulder beetle
 15430 | D:11     | Killed a boulder beetle
 15640 | D:11     | Killed a two-headed ogre
 15834 | D:11     | Noticed a two-headed ogre
 15853 | D:11     | Killed a two-headed ogre
 16285 | D:11     | Reached skill level 15 in Ice Magic
 16339 | D:11     | Bought the amulet "Puqeam" {Reflect Will+ SH+5} for 426
                  | gold pieces
 16721 | D:11     | Noticed a two-headed ogre
 17064 | D:11     | Learned a level 7 spell: Ozocubu's Refrigeration
 17711 | D:11     | Noticed a centaur warrior
 17719 | D:11     | Killed a centaur warrior
 17973 | D:11     | Killed a two-headed ogre
 18215 | D:11     | Noticed an eight-headed hydra
 18231 | D:11     | Killed an eight-headed hydra
 18251 | D:11     | Identified the +1 pair of boots of the Wumpus {rF+}
 18740 | Orc:1    | Entered Level 1 of the Orcish Mines
 18826 | Orc:1    | Reached XP level 13. HP: 79/79 MP: 14/22
 19539 | Orc:2    | Entered Level 2 of the Orcish Mines
 19539 | Orc:2    | Found Giry's Antique Armour Shoppe.
 19557 | Orc:2    | Found Aniconat's Magic Scroll Shoppe.
 19572 | Orc:2    | Bought a scroll of summoning for 171 gold pieces
 19588 | Orc:2    | Paralysed by an ogre mage for 3 turns
 19604 | Orc:2    | Reached skill level 5 in Fighting
 19604 | Orc:2    | Reached skill level 10 in Stealth
 19608 | Orc:2    | Found Lass's General Store.
 19610 | Orc:2    | Noticed Saint Roka
 19837 | Orc:2    | Found a staircase to the Elven Halls.
 20000 | Orc:2    | Reached skill level 16 in Ice Magic
 20163 | Orc:2    | Noticed Donald
 20168 | Orc:2    | Killed Donald
 20169 | Orc:2    | Reached skill level 10 in Dodging
 20313 | Orc:2    | Found Jairia's Armour Emporium.
 21235 | Orc:2    | Found Faxajo's Jewellery Shop.
 21267 | Orc:2    | Found Dokieng's Distillery.
 21334 | Orc:2    | Bought the amulet of Yesterday {Faith rElec rC- Dex+9} for
                  | 659 gold pieces
 21334 | Orc:2    | Bought the ring "Kelipp" {rF+ rN+ Will+++ Int+4 Stlth-} for
                  | 690 gold pieces
 21347 | Orc:2    | Bought a +6 ring of intelligence for 360 gold pieces
 21353 | Orc:2    | Bought a potion of haste for 130 gold pieces
 23076 | Lair:1   | Entered Level 1 of the Lair of Beasts
 23347 | Lair:1   | Reached XP level 14. HP: 88/88 MP: 15/23
 24085 | Lair:1   | Noticed Gastronok
 24128 | Lair:1   | Killed Gastronok
 24731 | Lair:2   | Found a bloodstained altar of Trog.
 24888 | Lair:2   | Reached skill level 1 in Evocations
 25634 | Lair:2   | Found a staircase to the Shoals.
 26017 | Shoals:1 | Entered Level 1 of the Shoals
 26017 | Shoals:1 | Noticed Nikola
 26144 | Shoals:1 | Noticed a kraken
 26421 | Lair:3   | Reached skill level 10 in Short Blades
 26913 | Lair:3   | Reached skill level 1 in Shields
 27119 | Lair:3   | Found a transporter.
 27485 | Lair:3   | Found a hole to the Spider Nest.
 27613 | Lair:3   | Got the Secrets of Variable Snow
 28067 | Lair:3   | Found a transporter.
 28069 | Lair:3   | Found the +3 salamander hide armour {Flames, rFlCloud rF++
                  | rC--}
 28796 | Lair:4   | Reached skill level 17 in Ice Magic
 29932 | Lair:5   | Entered Level 5 of the Lair of Beasts
 30519 | Lair:5   | Reached XP level 15. HP: 97/97 MP: 21/24
 31763 | Lair:5   | Found a viscous altar of Jiyva.
 31766 | Lair:5   | Found a staircase to the Slime Pits.
 32260 | Slime:1  | Entered Level 1 of the Pits of Slime
 32273 | Slime:1  | Noticed an acid blob
 32276 | Slime:1  | Killed an acid blob
 32418 | Slime:2  | Noticed an acid blob
 32418 | Slime:2  | Noticed an azure jelly
 32419 | Slime:2  | Noticed Dissolution
 32420 | Slime:2  | Noticed a rockslime
 32421 | Slime:2  | Killed an acid blob
 32422 | Slime:2  | Killed an azure jelly
 32423 | Slime:2  | Killed a rockslime
 32669 | Slime:1  | Found a viscous altar of Jiyva.
 32677 | Slime:1  | Noticed a rockslime
 32682 | Slime:1  | Killed a rockslime
 32684 | Slime:1  | Noticed an acid blob
 32684 | Slime:1  | Noticed an acid blob
 32685 | Slime:1  | Noticed an azure jelly
 33171 | D:11     | Reached skill level 18 in Ice Magic
 34024 | D:12     | Found an ornate altar of the Wu Jian Council.
 34123 | Orc:2    | Bought a ring of ice for 250 gold pieces
 35665 | D:14     | Found a gate to the Vaults.
 35681 | D:14     | Reached skill level 10 in Fighting
 35681 | D:14     | Reached XP level 16. HP: 85/109 MP: 6/25
 35698 | D:14     | Found Fogasoaf's Magic Scroll Shoppe.
 35705 | D:14     | Bought a scroll of acquirement for 572 gold pieces
 35705 | D:14     | Bought a scroll of enchant armour for 82 gold pieces
 35705 | D:14     | Bought a scroll of summoning for 104 gold pieces
 35705 | D:14     | Acquired a +6 quick blade of venom
 35711 | D:14     | Bought a scroll of brand weapon for 104 gold pieces
 35860 | D:14     | Found a portal to a secret trove of treasure.
 35878 | D:14     | Found a gate leading to a gauntlet.
 35893 | Gauntlet | Entered a Gauntlet
 35893 | Gauntlet | Found a transporter.
 35893 | Gauntlet | Found a runed translucent door.
 35913 | Gauntlet | Found a runed translucent door.
 35915 | Gauntlet | Found a transporter.
 35919 | Gauntlet | Found a transporter.
 35927 | Gauntlet | Found a transporter.
 35931 | Gauntlet | Found a transporter.
 35935 | Gauntlet | Found a runed translucent door.
 35936 | Gauntlet | Found a runed translucent door.
 35939 | Gauntlet | Found a transporter.
 35943 | Gauntlet | Found a transporter.
 35954 | Gauntlet | Found a transporter.
 35955 | Gauntlet | Found a transporter.
 35968 | Gauntlet | Found a transporter.
 35995 | Gauntlet | Found a transporter.
 36007 | Gauntlet | Found a transporter.
 36020 | Gauntlet | Found a transporter.
 36033 | Gauntlet | Found a transporter.
 36908 | Gauntlet | Identified the ring "Bowuch" {Ice Str+2 Int+3}
 38617 | D:15     | Entered Level 15 of the Dungeon
 38645 | D:15     | Noticed Josephine
 38649 | D:15     | Killed Josephine
 38806 | D:15     | Found a runed translucent gate.
 38806 | D:15     | Found a runed translucent gate.
 38806 | D:15     | Found a runed translucent gate.
 39179 | D:15     | Reached skill level 15 in Dodging
 40199 | D:15     | Found a staircase to the Depths.
 40652 | D:15     | Found an ancient bone altar of Kikubaaqudgha.
 40653 | D:15     | Noticed a lich
 40653 | D:15     | Noticed a lich
 40654 | D:15     | Noticed a lich
 40654 | D:15     | Noticed a lich
 40654 | D:15     | Noticed diodin's ghost (journeyman MiFi)
 40806 | D:15     | Bought a shimmering broad axe for 297 gold pieces
 40806 | D:15     | Identified the +5 broad axe of Hell's Wrath {drain, Drain
                  | rF++ Int+5} (You bought it in a shop on level 15 of the
                  | Dungeon)
 40993 | Orc:2    | Killed Saint Roka
 41107 | Elf:1    | Entered Level 1 of the Elven Halls
 41472 | Elf:1    | Reached XP level 17. HP: 115/115 MP: 28/28
 41791 | Elf:1    | Got the Tractate on the Missiles
 42591 | Elf:1    | Identified the +3 plate armour "Xecey" {Str+2}
 43025 | Elf:1    | Reached skill level 19 in Ice Magic
 44593 | Elf:2    | Found a runed translucent gate.
 44594 | Elf:2    | Found a runed translucent gate.
 44594 | Elf:2    | Found a runed translucent gate.
 44830 | Elf:2    | Found a runed translucent gate.
 44831 | Elf:2    | Found a runed translucent gate.
 44832 | Elf:2    | Found a runed translucent gate.
 44833 | Elf:2    | Noticed Hiliwumm's ghost (veteran MiGl)
 44837 | Elf:2    | Reached skill level 10 in Spellcasting
 44897 | Elf:2    | Paralysed by an air elemental for 1 turns
 45110 | Elf:3    | Entered Level 3 of the Elven Halls
 45349 | Elf:3    | Found Ekkitzot's Antique Weapon Shop.
 45618 | Elf:3    | Reached skill level 20 in Ice Magic
 45857 | Elf:3    | Found Xiec's Jewellery Emporium.
 45862 | Elf:3    | Bought the ring "Zeesow" {rN+ EV+5 Int+2 Stlth+} for 650
                  | gold pieces
 46362 | Elf:3    | Reached XP level 18. HP: 122/122 MP: 15/32
 46873 | Elf:3    | Identified the ring "Ajueruq" {Will- Str+2 Int+3 SInv}
 47113 | Elf:3    | Identified the +4 long sword of the Purse {freeze, Int+5}
 47113 | Elf:3    | Identified the +3 ring mail of the Goldsmith {rC+ Int+2
                  | Dex+3}
 47113 | Elf:3    | Identified the ring of Awe {rElec Will- rCorr EV+5 Str+5}
 47458 | Elf:3    | Identified the +2 mace of Ravage {heavy, Fly rElec Will+}
 48331 | Elf:3    | Noticed a deep elf master archer
 48334 | Elf:3    | Killed a deep elf master archer
 48512 | Elf:3    | Noticed a deep elf master archer
 48514 | Elf:3    | Killed a deep elf master archer
 48794 | Elf:3    | Got the Cyclopedia of Noxious Stolen Souls
 50713 | Elf:2    | Killed Hiliwumm's ghost
 51212 | Elf:2    | Identified the +2 hat of Itiosch {rF+ rN+ Int-3}
 51337 | D:10     | Bought a potion of heal wounds for 65 gold pieces
 51337 | D:10     | Bought a potion of heal wounds for 65 gold pieces
 51449 | D:14     | You paid a toll of 7 potions of haste to enter a treasure
                  | trove
 51450 | Trove    | Entered a treasure trove
 51473 | Trove    | Identified the +5 hand crossbow of the Warrior-Mage {flame,
                  | rC+ rN++}
 51475 | Trove    | Got the Codex of Enchantment and Death
 51477 | Trove    | Identified the +0 hat of Theory {rC++ Str+4 Int-3}
 51667 | Spider:1 | Entered Level 1 of the Spider Nest
 51801 | Spider:1 | Reached XP level 19. HP: 131/131 MP: 36/36
 54050 | Spider:2 | Reached skill level 15 in Spellcasting
 54594 | Spider:2 | Noticed Aizul
 54599 | Spider:2 | Killed Aizul
 55599 | Spider:3 | Acquired the +3 buckler "Ronox" {rF+ Int+3 Stlth-}
 57058 | Spider:3 | Reached skill level 15 in Stealth
 57062 | Spider:3 | Reached skill level 21 in Ice Magic
 57828 | Spider:4 | Entered Level 4 of the Spider Nest
 59046 | Spider:4 | Reached XP level 20. HP: 137/137 MP: 21/39
 60702 | Spider:4 | Reached skill level 22 in Ice Magic
 60763 | Spider:4 | Identified the ring "Ucoidob" {Ice rPois Will+++ Int-2
                  | Dex-3}
 60790 | Spider:4 | Identified the +1 pair of gloves "Lirifouf" {rN+ Int+3
                  | Slay-6}
 60793 | Spider:4 | Got a gossamer rune of Zot
 61574 | D:9      | Bought a scroll of teleportation for 48 gold pieces
 61902 | Shoals:1 | Found Ucuc's Distillery.
 61929 | Shoals:1 | Bought a potion of mutation for 104 gold pieces
 61929 | Shoals:1 | Bought a potion of mutation for 104 gold pieces
 61929 | Shoals:1 | Bought a potion of mutation for 104 gold pieces
 61939 | Shoals:1 | Killed Nikola
 63007 | Shoals:2 | Noticed Louise
 63011 | Shoals:2 | Killed Louise
 63153 | Shoals:2 | Found Nuhydd's Book Shoppe.
 63168 | Shoals:2 | Bought a manual of Fighting for 1200 gold pieces
 63171 | Shoals:2 | Noticed Ilsuiw
 63176 | Shoals:2 | Killed Ilsuiw
 64382 | Shoals:2 | Reached skill level 23 in Ice Magic
 64645 | Shoals:2 | Noticed Mlioglotl
 64651 | Shoals:2 | Killed Mlioglotl
 65131 | Shoals:3 | Noticed Polyphemus
 65137 | Shoals:3 | Killed Polyphemus
 66030 | Shoals:3 | Found Zoekasy's Assorted Antiques.
 66510 | Shoals:3 | Found Xoykh's CLEARANCE SALE!.
 66519 | Shoals:3 | Bought a potion of invisibility for 16 gold pieces
 66715 | Shoals:4 | Entered Level 4 of the Shoals
 66715 | Shoals:4 | Found a stormy altar of Qazlal.
 66984 | Shoals:4 | Identified the +0 long sword of the Silent Majority
                  | {distort, Contam rF++ Dex+5}
 67312 | Shoals:4 | Paralysed by an air elemental for 1 turns
 67393 | Shoals:4 | Reached XP level 21. HP: 144/144 MP: 40/40
 67421 | Shoals:4 | Identified the +2 battleaxe of Rynug {distort, rF+}
 67677 | Shoals:4 | Got a barnacled rune of Zot
 68504 | Shoals:4 | Found an ornate altar of the Wu Jian Council.
 68974 | Vaults:1 | Entered Level 1 of the Vaults
 69559 | Vaults:1 | Reached skill level 15 in Fighting
 70213 | Vaults:1 | Got the Octavo of Exothermic Permutations
 70607 | Vaults:1 | Found Japrin's Magic Scroll Boutique.
 70610 | Vaults:1 | Bought a scroll of brand weapon for 133 gold pieces
 70610 | Vaults:1 | Bought a scroll of blinking for 105 gold pieces
 70610 | Vaults:1 | Bought a scroll of brand weapon for 133 gold pieces
 70610 | Vaults:1 | Bought a scroll of enchant weapon for 105 gold pieces
 70610 | Vaults:1 | Bought a scroll of blinking for 105 gold pieces
 70610 | Vaults:1 | Bought a scroll of teleportation for 42 gold pieces
 70908 | Orc:2    | Bought a scroll of brand weapon for 171 gold pieces
 70908 | Orc:2    | Bought a scroll of enchant weapon for 135 gold pieces
 71233 | Vaults:1 | Found a runed translucent gate.
 71233 | Vaults:1 | Found a runed translucent gate.
 71233 | Vaults:1 | Found a runed translucent gate.
 71233 | Vaults:1 | Noticed cforsyth's ghost (adept BaFi)
 71572 | Vaults:1 | Found a viscous altar of Jiyva.
 71750 | Vaults:1 | Reached skill level 5 in Evocations
 71855 | Vaults:1 | Killed cforsyth's ghost
 72184 | Vaults:1 | Identified the amulet "Seq Xuciucs" {Acrobat rElec rN+
                  | Stlth-}
 73731 | Vaults:2 | Reached XP level 22. HP: 163/163 MP: 30/41
 75084 | Vaults:3 | Noticed Xtahua
 75086 | Vaults:3 | Killed Xtahua
 75752 | Vaults:3 | Found a staircase to the Crypt.
 76554 | Vaults:3 | Noticed Zenata
 76799 | Vaults:3 | Killed Zenata
 79614 | Vaults:4 | Reached XP level 23. HP: 169/169 MP: 40/42
 80010 | Vaults:4 | Found Mekk's Weapon Boutique.
 80354 | Vaults:4 | Noticed Jory
 80363 | Vaults:4 | Killed Jory
 80837 | Vaults:5 | Entered Level 5 of the Vaults
 80867 | Vaults:5 | Noticed an ancient lich
 80874 | Vaults:5 | Noticed an ancient lich
 80898 | Vaults:4 | Killed an ancient lich
 81132 | Vaults:4 | Bought the ring of Jefep {rF+ rN+ Int+2 SInv} for 758 gold
                  | pieces
 81424 | Vaults:4 | Killed an ancient lich
 81436 | Vaults:5 | Reached skill level 5 in Shields
 81588 | Vaults:5 | Identified the +4 short sword of False Accusations {flame,
                  | rC- Dex+4}
 81677 | Vaults:5 | Noticed a dread lich
 81855 | Vaults:4 | Killed a dread lich
 83218 | Vaults:5 | Identified the +4 morningstar of the Apocalypse {heavy,
                  | *Corrode rN++ Dex+6}
 83397 | Vaults:5 | Found Nudd's Distillery.
 83410 | Vaults:5 | Bought a potion of heal wounds for 80 gold pieces
 83410 | Vaults:5 | Bought 2 potions of haste for 320 gold pieces
 83410 | Vaults:5 | Bought a potion of haste for 160 gold pieces
 83410 | Vaults:5 | Bought a potion of mutation for 128 gold pieces
 84148 | Vaults:5 | Noticed an ancient lich
 84151 | Vaults:5 | Identified the ring of Vehumet's Hatred {rPois Str+6}
 84482 | Vaults:5 | Killed an ancient lich
 84799 | Vaults:5 | Reached XP level 24. HP: 177/177 MP: 32/42
 85078 | Vaults:5 | Identified the +5 quarterstaff "Quxkala" {flame, rC+}
 85409 | Vaults:5 | Identified the +3 leather armour of the Wumpus {Rampage
                  | rPois rN+}
 85660 | Vaults:5 | Got Situhosuen's Compilation of the Hexing Crevasse
 86443 | Vaults:5 | Got a silver rune of Zot
 87058 | Depths:1 | Entered Level 1 of the Depths
 87284 | Depths:1 | Reached skill level 10 in Evocations
 87503 | Depths:1 | Found Qubluk's General Store.
 87514 | Depths:1 | Found Qexak's Magic Scroll Emporium.
 87514 | Depths:1 | Found Wiustul's Magic Scroll Boutique.
 87523 | Depths:1 | Bought a scroll of blinking for 135 gold pieces
 87586 | Depths:1 | Bought a scroll of teleportation for 33 gold pieces
 87586 | Depths:1 | Bought a scroll of summoning for 104 gold pieces
 87591 | Depths:1 | Bought a scroll of teleportation for 39 gold pieces
 87591 | Depths:1 | Bought a scroll of blinking for 97 gold pieces
 87591 | Depths:1 | Bought a scroll of teleportation for 39 gold pieces
 87591 | Depths:1 | Bought a scroll of summoning for 123 gold pieces
 87611 | Depths:1 | You fall into a shaft and drop 1 floor!
 87652 | Depths:2 | Identified the +7 war axe of Attainder {pain, rN+ Str+3
                  | Int+2}
 88126 | Depths:1 | Noticed Camaan's ghost (adept DgCj)
 88188 | Depths:1 | Found a runed translucent gate.
 88188 | Depths:1 | Found a runed translucent gate.
 88189 | Depths:1 | Found a runed translucent gate.
 88203 | Depths:1 | Found Viucim's Armour Boutique.
 88345 | Depths:1 | Found Ipsot's Antique Weapon Boutique.
 88519 | Depths:1 | Found a gateway to Hell.
 88562 | Hell     | Entered the Vestibule of Hell
 88562 | Hell     | Noticed Geryon
 88569 | Hell     | Killed Geryon
 90037 | Hell     | Found a gateway to the ashen valley of Gehenna.
 90248 | Hell     | Found a gateway to the Iron City of Dis.
 90777 | Hell     | Learned a level 5 spell: Lee's Rapid Deconstruction
 90837 | Hell     | Found a gateway to the freezing wastes of Cocytus.
 91128 | Hell     | Found a gateway to the decaying netherworld of Tartarus.
 91136 | Hell     | Reached skill level 1 in Earth Magic
 91783 | Depths:1 | Bought a book of Annihilations for 960 gold pieces
 92226 | Depths:2 | Found a one-way gate leading to the halls of Pandemonium.
 92897 | Depths:2 | Reached XP level 25. HP: 183/183 MP: 34/43
 93942 | Depths:3 | Found a bloodstained altar of Trog.
 94025 | Depths:3 | Paralysed by a floating eye for 4 turns
 94554 | Depths:3 | Found a one-way gate to the infinite horrors of the Abyss.
 95108 | Depths:4 | Entered Level 4 of the Depths
 95108 | Depths:4 | Noticed Parghit
 95114 | Depths:4 | Noticed a juggernaut
 95323 | Depths:4 | Reached skill level 10 in Shields
 95387 | Depths:4 | Noticed Sojobo
 95400 | Depths:4 | Killed Sojobo
 95858 | Depths:4 | Found a gate to the Realm of Zot.
 96075 | Depths:4 | Found a one-way gateway to a ziggurat.
 96089 | Zig:1    | Entered Level 1 of a ziggurat
 96102 | Zig:2    | Entered Level 2 of a ziggurat
 96105 | Zig:2    | Reached skill level 5 in Earth Magic
 96115 | Zig:2    | Identified the +0 rapier "Uruho" {freeze, *Noise rElec
                  | rCorr Dex+4}
 96117 | Zig:2    | Got the Information on Leadership
 96126 | Zig:3    | Entered Level 3 of a ziggurat
 96333 | Zig:3    | Got the Guidebook on Bolts
 96339 | Zig:4    | Entered Level 4 of a ziggurat
 96340 | Zig:4    | Noticed Jexajeec the pandemonium lord
 96343 | Zig:4    | Killed Jexajeec the pandemonium lord
 96511 | Zig:4    | Acquired the ring of Ahemaj {rN+ MP+9 Int+7 Dex-4 SInv}
 96561 | Zig:5    | Entered Level 5 of a ziggurat
 96694 | Zig:6    | Entered Level 6 of a ziggurat
 96698 | Zig:6    | Found the +16 obsidian axe {drain, demonic, Mesm Drain Fly
                  | SInv}
 96734 | Zig:6    | Identified the +4 pair of gloves of Trumpets {rPois rF++
                  | MP-9}
 96789 | Zig:7    | Entered Level 7 of a ziggurat
 96915 | Zig:7    | Identified the ring "Hoaroupi" {*Slow rPois rC+ Int+9
                  | Dex-5}
 96944 | Zig:7    | Identified the +7 chain mail "Garac" {Will++ SInv}
 96953 | Zig:8    | Entered Level 8 of a ziggurat
 97067 | Zig:8    | Identified the +4 whip "Ilygheija" {freeze, Str+5}
 97112 | Zig:9    | Entered Level 9 of a ziggurat
 97260 | Zig:9    | Identified the +6 dagger "Selyapp" {holy, Int+2}
 97308 | Zig:9    | Identified the +5 mace of the Depths {protect, rF+ Stlth+}
 97340 | Zig:10   | Entered Level 10 of a ziggurat
 97360 | Zig:11   | Entered Level 11 of a ziggurat
 97656 | Zig:11   | Noticed an ancient lich
 97705 | Zig:12   | Entered Level 12 of a ziggurat
 97793 | Zig:12   | Identified the ring "Capabbom" {rF+ AC+4 Slay+3}
 98032 | Zig:13   | Entered Level 13 of a ziggurat
 98052 | Zig:13   | Reached XP level 26. HP: 175/189 MP: 30/44
 98294 | Zig:14   | Entered Level 14 of a ziggurat
 98311 | Zig:14   | Reached skill level 10 in Earth Magic
 98327 | Zig:14   | Killed from afar by a crystal guardian

Illustrated notes

Levels and vault maps discovered:
D:1:      beargit_arrival_greenhouse, layout_loops_ring, feat_on_display
D:2:      layout_loops_ring, basic_altar
D:3:      layout_basic, serial_glass, glass_columns_c, glass_columns_b,
          item_on_display_a, feat_on_display
D:4:      minmay_chambers_of_threes, layout_basic, general_overflow_altar,
          lemuel_crystal_altar, enter_ossuary_1
D:5:      layout_cave_pools, mainiacjoe_overflow_six_doors_small,
          nicolae_yredelemnul_corpse_copse, mainiacjoe_overflow_brackets,
          minmay_temple_entry_wispy, serial_shops, shop
D:6:      layout_cave_pools, serial_shops, nicolae_stop_n_shop_1,
          minmay_circle_x
D:7:      layout_layer_cave, pdpol_temple_overflow_zin_treasury_gozag_greed,
          gammafunk_temple_overflow_forgotten, serial_shops, shop_statue,
          solitary_fountain
D:8:      layout_rooms, mainiacjoe_overflow_large_starburst, lemuel_round_altar
D:9:      layout_big_octagon, serial_shops, shop_statue
D:10:     layout_roguey, erik_orc_2
D:11:     minmay_the_grid_3x3 [minmay_the_grid_spikes, minmay_the_grid_tree,
          minmay_the_grid_medium_cups, minmay_the_grid_square_x,
          minmay_the_grid_odd_star, minmay_the_grid_box_x,
          minmay_the_grid_embedded, minmay_the_grid_empty,
          minmay_the_grid_prize_four_corners], layout_gridville,
          erik_lair_orcish_takeover, minmay_guarded_unrand_staff_of_olgreb
D:12:     layout_cave_pools, minmay_door_square, nzn_wu_jian_contemplation
D:13:     layout_basic, moated_statue, wad_rectangle_vault
D:14:     layout_loops_corners, erik_vaults_1, serial_shops,
          nicolae_shop_advertising_works [nicolae_subvault_shop_adworks],
          nicolae_trove_entry_isolated, gauntlet_entry_generic, minmay_puff
D:15:     gammafunk_enter_depths_forms, layout_irregular_city,
          gammafunk_ghost_crypt, minmay_misc_feat_hallway, uniq_josephine
Temple:   nicolae_temple_bog_church
Lair:1:   layout_loops_ring, grunt_megastairs_2, uniq_gastronok
Lair:2:   layout_regular_city, elwin_shoals_entry_stream, basic_altar,
          st_stairs_10
Lair:3:   gammafunk_cloud_chamber, layout_concentric_octagons,
          spider_nest_entry_webs, minivault_26, grunt_megastairs_5
Lair:4:   layout_roguey, evilmike_ambush [evilmike_ambush_outer_doors,
          evilmike_ambush_inner_basic], wad_woods_river_01
Lair:5:   minmay_lair_end_enchanted_forest, layout_loops_ring,
          nicolae_slime_entry_field_trip, serial_bayou_shore_a,
          infiniplex_staircase_pool
Shoals:1: layout_shoals, serial_shops, shop, uniq_nikola
Shoals:2: layout_shoals, serial_shops, nicolae_square_shop,
          nicolae_shoals_nautilus_by_nature, uniq_louise, uniq_ilsuiw,
          uniq_mlioglotl
Shoals:3: layout_shoals, serial_shops, shop, nicolae_shop_clearance,
          uniq_polyphemus
Shoals:4: shoals_end_hellmonk_storm_palace [storm_palace_center_ruins,
          storm_palace_corner_altar, storm_palace_corner_altar,
          storm_palace_corner_narrow, storm_palace_corner_narrow]
Spider:1: layout_spider_delve
Spider:2: layout_spider_delve, drop_trap, nicolae_spider_solar_radiation,
          uniq_aizul
Spider:3: layout_chambers, hellmonk_test_site,
          hangedman_spider_tarantella_strand
Spider:4: hellmonk_spider_rune_endless_swarm, nicolae_looking_at_the_future
Slime:1:  layout_caves, basic_altar
Slime:2:  layout_caves, uniq_dissolution
Orc:1:    layout_caves, nicolae_orc_pool_cavern
Orc:2:    st_orc_open, layout_diamond_mine, lightli_volcano_entry_magma_tube,
          serial_shops, shop, nicolae_shop_hallway_stairs, uniq_donald,
          uniq_saint_roka
Elf:1:    nicolae_elf_arrival_no_cutting_in_line, layout_onion_city,
          minmay_elf_annihilation
Elf:2:    nicolae_elf_blades_crystal_corner, layout_geoelf_grid,
          gammafunk_ghost_tricky_traps
Elf:3:    minmay_elf_hall_curves, layout_onion_city, serial_shops,
          nicolae_shop_stone, grunt_ministairs_5,
          minmay_shop_enchanted_jewellery, unseen_surprise_small
Vaults:1: gammafunk_ghost_ooze, ontoclasm_vaults_twist,
          nicolae_vaults_network_square, vaults_room_fours,
          dpeg_vaults_monster_box, layout_vaults_omnigrid, serial_shops,
          nicolae_shop_behind_doors
Vaults:2: nicolae_vaults_stairing_the_circle, hangedman_vaults_river_flow,
          ontoclasm_vaults_chip, v_alt_pattern_6, hangedman_vaults_variations,
          st_smaller_cells, v_misc_16, hangedman_vaults_corner_blocks,
          hangedman_vaults_locks, vaults_dpeg_spiral, vaults_dpeg_hooks,
          vaults_dpeg_diagonal, vaults_room_fancy_cross,
          layout_vaults_maze_bifur
Vaults:3: ontoclasm_vaults_ring_square, v_alt_pattern_3, v_pattern_4,
          nicolae_vaults_network_star, v_misc_31, ontoclasm_vaults_spin,
          ontoclasm_vaults_shuriken, vaults_room_stairs_pillars,
          minmay_crypt_entry_simple_statues, grunt_vaults_funnel, v_misc_29,
          nicolae_vaults_shelves_hall, ontoclasm_vaults_loading_screen,
          layout_vaults_big_cross, uniq_xtahua, uniq_zenata
Vaults:4: v_alt_pattern_3, nicolae_vaults_little_squares_1, v_rooms_2,
          grunt_vaults_twisty, vaults_room_stairs_pillars,
          hangedman_vaults_stitches, v_misc_16, nicolae_vaults_rhombus_5,
          v_misc_10, nicolae_vaults_rhombus_7, ontoclasm_vaults_gateway,
          ontoclasm_vaults_tryst, layout_vaults_omnibox, serial_shops, shop,
          uniq_jory
Vaults:5
Depths:1: layout_basic, serial_shops, nicolae_shop_behind_doors,
          nicolae_shop_statue_plus, shop, shop, shop_fountains,
          gammafunk_ghost_split, lightli_too_deep, nicolae_two_hexagons,
          chequers_serial_rivers_micro_a, minmay_starry_boxes
Depths:2: dreamdust_isle_of_ice, layout_cave_shapes, grunt_hell_entry_dis_grunt,
          rand_demon_pan_entry_8, minmay_misc_feat_more_columns, st_stairs_1,
          uniq_josephina
Depths:3: minmay_isolated_rectangles_in_corner, layout_honeycomb,
          dreamdust_wishing_well, abyss_entry, hangedman_tar_grid_catacomb,
          bloody_trog, serial_bayou_shore_b, infiniplex_staircase_pillars_2
Depths:4: evilmike_zot_entry_gauntlet, layout_long_grid, enter_ziggurat_f,
          hell_entry, nicolae_triple_integral, minmay_shop_grove, uniq_sojobo,
          uniq_parghit
Hell
Zig:14

Skill      XL: |  1  2  3  4  5  6  7  8  9 10 11 12 13 14 15 16 17 18 19 20 21 22 23 24 25 26 |
---------------+-------------------------------------------------------------------------------+-----
Fighting       | 1 2 3 4 5 7 10 12 17 18 | 18.0
Spellcasting   | 3 4 5 6 7 10 13 15 16 17 | 17.8
Summonings     | 3 4 |  4.0
Ice Magic      | 6 8 10 11 14 15 16 17 18 20 21 23 | 23.7
Stealth        | 3 5 6 9 10 13 14 16 | 16.0
Dodging        | 4 5 8 10 12 13 15 16 20 21 22 | 22.0
Short Blades   | 2 5 7 9 10 11 13 | 13.0
Evocations     | 2 6 9 10 | 10.0
Shields        | 3 6 9 10 | 10.0
Earth Magic    | 3 9 10 | 10.8

Action                     |  1- 3 |  4- 6 |  7- 9 | 10-12 | 13-15 | 16-18 | 19-21 | 22-24 | 25-27 || total
---------------------------+-------+-------+-------+-------+-------+-------+-------+-------+-------++-------
  Melee: Unarmed           |    23 |    82 |    52 |       |       |       |       |       |       ||   157
         Constrict         |    10 |    29 |    14 |    31 |    12 |    12 |     5 |    29 |    17 ||   159
         Tentacles         |     6 |    24 |    31 |   111 |    57 |    83 |    40 |   263 |   157 ||   772
         Punch             |     1 |     1 |     2 |    11 |     3 |     4 |     4 |    16 |    11 ||    53
         Rapier            |       |       |    35 |       |       |       |       |   216 |   284 ||   535
         Short sword       |       |       |    10 |   300 |   166 |     2 |       |       |       ||   478
         Quick blade       |       |       |       |       |       |   171 |    67 |   294 |       ||   532
         Staff             |       |       |       |       |       |    20 |    31 |    75 |     3 ||   129
   Fire: Shortbow          |       |       |    49 |       |       |       |       |       |       ||    49
   Cast: Freeze            |    40 |    11 |       |     2 |       |       |       |       |       ||    53
         Frozen Ramparts   |     4 |    18 |    33 |    31 |       |       |       |       |       ||    86
         Ozocubu's Armour  |     3 |    11 |    22 |    23 |     2 |     3 |       |       |       ||    64
         Summon Ice Beast  |       |       |    31 |    66 |     9 |     7 |     2 |     8 |     2 ||   125
         Ensorcelled Hiber |       |       |     3 |    36 |    11 |       |     3 |     1 |       ||    54
         Hailstorm         |       |       |       |    98 |       |     5 |       |     9 |       ||   112
         Ozocubu's Refrige |       |       |       |     5 |   268 |   342 |   659 |   571 |   114 ||  1959
         Lee's Rapid Decon |       |       |       |       |       |       |       |    12 |    24 ||    36
 Invoke: Call Merchant     |       |       |       |     1 |       |     4 |     2 |     2 |       ||     9
         Potion Petition   |       |       |       |       |     1 |       |       |     1 |     1 ||     3
  Evoke: Wand              |       |       |     1 |     1 |     2 |       |       |       |     1 ||     5
         Phantom mirror    |       |       |       |       |       |       |       |     1 |     1 ||     2
         Horn of Geryon    |       |       |       |       |       |       |       |       |     1 ||     1
    Use: Scroll            |     9 |     7 |     1 |    11 |     9 |    12 |    12 |     1 |     5 ||    67
         Potion            |       |     1 |     1 |     6 |     6 |     4 |     3 |     3 |     1 ||    25
   Stab: Sleeping          |       |     1 |     1 |    18 |     9 |     4 |     1 |     7 |     7 ||    48
         Distracted        |       |       |       |     1 |     6 |     4 |     2 |     8 |     7 ||    28
         Confused          |       |       |       |       |       |       |       |     6 |       ||     6
         Invisible         |       |       |       |       |       |       |       |     1 |       ||     1
 Armour: Skin              |     7 |    58 |    50 |    58 |    11 |     4 |     4 |     9 |     7 ||   208
  Dodge: Dodged            |    28 |    85 |   178 |   253 |   110 |    94 |   155 |   514 |   207 ||  1624
  Block: Other             |       |       |       |     5 |     1 |       |       |       |       ||     6
         Buckler           |       |       |       |       |    36 |    42 |    65 |   220 |   109 ||   472

Table legend: (Time is in decaauts)
 A = Elapsed time spent in this place.
 B = Non-inter-level travel time spent in this place.
 C = Inter-level travel time spent in this place.
 D = Time resting spent in this place.
 E = Time spent auto-exploring this place.
 F = Levels seen in this place.
 G = Mean time per level.
                   A        B        C        D        E       F      G
               +--------+--------+--------+--------+--------+-----+--------+
         Total | 100004 |  95385 |   4619 |  31075 |  50544 |  63 | 1587.4 |
       Dungeon |  25846 |  23877 |   1969 |   6634 |  12300 |  15 | 1723.1 |
        Temple |    173 |    167 |      6 |      0 |    161 |   1 |  173.0 |
          Lair |  10257 |   9529 |    728 |   2289 |   6170 |   5 | 2051.4 |
        Shoals |   7375 |   7248 |    127 |   1582 |   5037 |   4 | 1843.8 |
   Spider Nest |   9672 |   9389 |    283 |   2738 |   5877 |   4 | 2418.0 |
    Slime Pits |    689 |    689 |      0 |    604 |      0 |   2 |  344.5 |
  Orcish Mines |   4639 |   4143 |    496 |   2073 |   1290 |   2 | 2319.5 |
   Elven Halls |  10071 |   9807 |    264 |   4890 |   3825 |   3 | 3357.0 |
        Vaults |  18015 |  17578 |    437 |   5833 |   9782 |   5 | 3603.0 |
        Depths |   7107 |   6800 |    307 |   2209 |   3666 |   4 | 1776.8 |
          Hell |   1981 |   1981 |      0 |    525 |   1128 |   1 | 1981.0 |
      Ziggurat |   2210 |   2210 |      0 |    589 |    957 |  14 |  157.9 |
         Trove |     47 |     47 |      0 |      0 |      0 |   1 |   47.0 |
       Ossuary |    738 |    738 |      0 |    302 |    188 |   1 |  738.0 |
      Gauntlet |   1179 |   1179 |      0 |    804 |    159 |   1 | 1179.0 |
               +--------+--------+--------+--------+--------+-----+--------+

Top non-repeatable levels by time:
Vaults:4: 5310 daAuts
    D:11: 5163 daAuts
   Elf:3: 3976 daAuts
   Elf:2: 3720 daAuts
Vaults:3: 3630 daAuts
Vaults:5: 3398 daAuts
Vaults:1: 3086 daAuts
Spider:4: 2994 daAuts
Depths:1: 2815 daAuts
   Orc:2: 2779 daAuts
    D:10: 2762 daAuts
Spider:3: 2735 daAuts
Vaults:2: 2589 daAuts
Shoals:2: 2431 daAuts
  Lair:5: 2386 daAuts
